 Dungeon Crawl Stone Soup version 0.29.1-1-gd02db6906a (webtiles) character file.

Game seed: 10458082490484537043

516 Ashen the Chiller (level 7, 50/50 HPs)
             Began as a Demonspawn Ice Elementalist on Sept 25, 2022.
             Got out of the dungeon alive.
             The game lasted 00:09:12 (3923 turns).

Ashen the Chiller (Demonspawn Ice Elementalist)     Turns: 3923, Time: 00:09:13

Health: 50/50      AC: 10    Str:  9    XL:     7   Next: 0%
Magic:  10/13      EV: 12    Int: 18    God:
Gold:   180        SH:  0    Dex: 13    Spells: 3/14 levels left

rFire   . . .      SeeInvis .   h - +0 short sword
rCold   . . .      Faith    .   (no shield)
rNeg    . . .      Spirit   .   q - +0 troll leather armour {Pargi}
rPois   .          Reflect  .   e - +2 helmet
rElec   .          Harm     .   (no cloak)
rCorr   .          Rampage  .   g - +2 pair of gloves
Will    .....                   (no boots)
Stlth   ++........              (no amulet)
HPRegen 0.96/turn               (no ring)
MPRegen 0.13/turn               (no ring)

@: no status effects
A: powered by death 1, sturdy frame 1, demonic magic 1
a: no special abilities


You escaped.
You visited 1 branch of the dungeon, and saw 3 of its levels.
You also visited: Sewer.

You collected 180 gold pieces.

Inventory:

Hand Weapons
 h - a +0 short sword (weapon)
Missiles
 l - 2 poisoned darts
Armour
 e - a +2 helmet (worn)
 g - a +2 pair of gloves (worn)
 k - a +0 leather armour
 p - the +2 robe "Qusoz" {rElec rPois rF-}
   (You found it on level 2 of the Dungeon)

   rF:        It makes you vulnerable to fire.
   rElec:     It insulates you from electricity.
   rPois:     It protects you from poison.
 q - a +0 troll leather armour (worn) {Pargi}
Jewellery
 f - a ring of protection from fire
 m - an amulet of faith
 o - a ring of resist corrosion
Wands
 s - a wand of roots (7)
Scrolls
 r - a scroll of identify
 u - 3 scrolls of poison {unknown}
Potions
 a - a potion of degeneration
 b - a potion of magic
 d - a potion of mutation
 i - a potion of flight {unknown}
 j - 2 potions of lignification {unknown}
 n - a potion of haste
 t - 2 potions of heal wounds {unknown}
 v - a potion of ambrosia


   Skills:
 + Level 2.2 Fighting
 + Level 2.9 Dodging
 + Level 3.0 Stealth
 * Level 4.1 Spellcasting
 * Level 1.7 Conjurations
 * Level 5.0 Ice Magic


You had 3 spell levels left.
You knew the following spells:

 Your Spells              Type           Power      Damage    Failure   Level
a - Freeze                Ice            84%        1d10      1%          1
b - Frozen Ramparts       Ice            42%        1d7       6%          3
c - Ozocubu's Armour      Ice            21%        N/A       6%          3
d - Hailstorm             Conj/Ice       15%        3d5       36%         4

Your spell library contained the following spells:

 Spells                   Type           Power      Damage    Failure   Level
 Blink                    Tloc           6%         N/A       24%         2


Dungeon Overview and Level Annotations

Branches:
Dungeon (3/15)              Sewer (visited)

Altars:
Okawaru


Innate Abilities, Weirdness & Mutations

You regenerate a little health from kills.
Your movements are slightly less encumbered by armour. (ER -2)
Spells you cast may paralyse adjacent enemies.


Message History

Confirm with . or Enter, or press ? or * to list all spells.
You can't see any susceptible monsters within range! (Use Z to cast anyway.)
Casting: Freeze (safe; 2% risk of failure)
Confirm with . or Enter, or press ? or * to list all spells.
Casting: Frozen Ramparts (dangerous; 7% risk of failure)
Press: ? - help, Dir - look around, f - activate The walls around you are covered in ice.
Casting: Frozen Ramparts (dangerous; 7% risk of failure)
Confirm with . or Enter, or press ? or * to list all spells.
Aiming: Freeze (safe; 2% risk of failure)
Press: ? - help, Shift-Dir - straight line You freeze something!
Reactivating autopickup.
You feel a bit more experienced.
Your Fighting skill increases to level 2!
Your Stealth skill increases to level 3!
Your Spellcasting skill increases to level 4!
Your Conjurations skill increases to level 1!
Your Ice Magic skill increases to level 5!
You have reached level 7!
Your demonic ancestry asserts itself...
A menacing aura infuses your magic.
The frozen ramparts melt away as you move.
Things that are here:
a +0 scythe; a +0 robe
(D) Dungeon
Where to? (Enter - D:2 @ (x,y), ? - help)
What level of the Dungeon? (default 1, ? - help)
There is a stone staircase leading up here.
You climb upwards.
There is a stone staircase leading down here.
There is a stone staircase leading up here.
You climb upwards.
There is a stone staircase leading down here.
You can't go up here!
You enter the shallow water.
Moving in this stuff is going to be slow.
There is a staircase leading out of the dungeon here.
Are you sure you want to leave the Dungeon?
This will make you lose the game!
You have escaped!

)..#####################........#
.#.#....###### ##.)##.#########.#
##.####..#.#.###.###..~.### #..
##.#####..#.....~.....~≈..### ###
##.#.#....##..~≈~..~..~≈~...# #
##...##......~~≈~.≈...~≈≈~~.#
##....#..~~~.~≈≈.≈~~~≈..~..##
##.##.##.~~≈≈≈≈..~≈~≈≈....###
##.###.##.≈≈≈≈~.@..~≈≈..###.###
##.####..≈≈≈≈≈≈...~≈≈≈≈..#....#
##.##..#..≈≈≈~~~.~≈≈≈~~..##...#
##.####...~~.~≈.≈~~~~..###.##.###
##.#.####..)~~.≈≈~......#..##...#
#..#.†...#..##.≈≈....~....#####.#
#.##.)##....#########...### #..
#.###.##.#### ##.######.# ##.
..############ #...# ### #.


There were no monsters in sight!

Vanquished Creatures
  Sigmund (D:3)
  Pargi (Sewer)
  An orc priest (D:3)
  Jessica (D:2)
  An orc wizard (D:3)
  8 adders
  2 worms (D:2)
  2 dart slugs (D:1)
  2 orcs (D:3)
  3 endoplasms
  2 giant cockroaches
  6 goblins
  5 hobgoblins
  2 jackals (D:1)
  4 quokkas
  8 ball pythons
  15 bats
  4 frilled lizards
  7 kobolds
  5 rats
80 creatures vanquished.

Vanquished Creatures (collateral kills)
  An adder (D:3)
  A frilled lizard (D:3)
2 creatures vanquished.

Grand Total: 82 creatures vanquished

Notes
Turn   | Place    | Note
-------+----------+-------------------------------------------
     0 | D:1      | Ashen the Demonspawn Ice Elementalist began the quest for
                  | the Orb.
     0 | D:1      | Reached XP level 1. HP: 13/13 MP: 3/3
   252 | D:1      | Gained mutation: You regenerate a little health from kills.
                  | [demonic ancestry]
   252 | D:1      | Reached XP level 2. HP: 14/20 MP: 0/5
   849 | D:1      | Reached XP level 3. HP: 25/25 MP: 0/6
  1279 | D:1      | Reached skill level 4 in Ice Magic
  1418 | D:1      | Found a faded altar of an unknown god.
  2152 | D:2      | Learned a level 3 spell: Frozen Ramparts
  2156 | D:2      | Learned a level 3 spell: Ozocubu's Armour
  2311 | D:2      | Reached XP level 4. HP: 27/31 MP: 4/8
  2312 | D:2      | Identified the +2 robe "Qusoz" {rElec rPois rF-}
  2586 | D:2      | Reached skill level 1 in Fighting
  2663 | D:2      | Noticed Jessica
  2699 | D:2      | Killed Jessica
  2712 | D:2      | Got Jessica's Essays on Shifting
  3004 | D:3      | Reached XP level 5. HP: 37/37 MP: 9/9
  3091 | D:3      | Found a glowing drain.
  3115 | Sewer    | Entered a sewer
  3177 | Sewer    | Noticed Pargi
  3187 | Sewer    | Killed Pargi
  3259 | Sewer    | Learned a level 4 spell: Hailstorm
  3475 | D:3      | Found an iron altar of Okawaru.
  3636 | D:3      | Gained mutation: Your movements are slightly less
                  | encumbered by armour. (ER -2) [demonic ancestry]
  3636 | D:3      | Reached XP level 6. HP: 44/44 MP: 7/11
  3822 | D:3      | Noticed Sigmund
  3858 | D:3      | Killed Sigmund
  3859 | D:3      | Reached skill level 1 in Conjurations
  3859 | D:3      | Reached skill level 5 in Ice Magic
  3859 | D:3      | Gained mutation: Spells you cast may paralyse adjacent
                  | enemies. [demonic ancestry]
  3859 | D:3      | Reached XP level 7. HP: 50/50 MP: 1/13
  3923 | D:$      | Got out of the dungeon alive.

Illustrated notes

Levels and vault maps discovered:
D:1:      dpeg_arrival_subterranean_lakeside_camping, layout_basic,
          chequers_ecumenical_altar_grove
D:2:      layout_basic, minivault_26, kennysheep_flooded_box,
          serial_park_tiny_pond, kennysheep_jessica_study
D:3:      layout_basic, okawaru_gym_becter, cheibrodos_sewer_entry_sluice,
          uniq_jessica, uniq_sigmund, uniq_crazy_yiuf_cottage

Skill      XL: |  1  2  3  4  5  6 |
---------------+-------------------+-----
Dodging        | 2 |  2.9
Stealth        | 2 3 |  3.0
Ice Magic      | 4 5 |  5.0
Fighting       | 1 2 |  2.2
Spellcasting   | 3 4 |  4.1
Conjurations   | 1 |  1.7

Action                   |  1- 3 |  4- 6 |  7- 9 || total
-------------------------+-------+-------+-------++-------
Melee: Unarmed           |    15 |       |       ||    15
       Short sword       |    45 |    70 |       ||   115
 Cast: Freeze            |    60 |    33 |       ||    93
       Frozen Ramparts   |       |     5 |       ||     5
       Ozocubu's Armour  |       |     1 |       ||     1
Evoke: Wand              |       |     3 |       ||     3
  Use: Scroll            |       |    12 |       ||    12
       Potion            |       |     1 |       ||     1
 Stab: Sleeping          |     6 |     2 |       ||     8
Armor: Robe              |    12 |    72 |       ||    84
       Leather armour    |    27 |       |       ||    27
       Troll leather arm |       |    15 |       ||    15
Dodge: Dodged            |    68 |   124 |       ||   192
